 Dungeon Crawl Stone Soup version 0.31-a0-210-gccc998df9b (webtiles) character file.

Game seed: 4786291613037678911

871 rabbitsville the Caller (level 8, -1/57 HPs)
             Began as a Hill Orc Summoner on June 30, 2023.
             Slain by a black bear (4 damage)
             ... on level 5 of the Dungeon.
             The game lasted 00:15:50 (4564 turns).

rabbitsville the Caller (Hill Orc Summoner)         Turns: 4564, Time: 00:15:50

Health: -1/57      AC:  5    Str: 14    XL:     8   Next: 3%
Magic:  2/15       EV: 12    Int: 17    God:
Gold:   240        SH:  0    Dex: 11    Spells: 10/16 levels left

rFire   . . .        j - staff of conjuration
rCold   . . .        (no shield)
rNeg    . . .        a - +0 robe
rPois   .            (no helmet)
rElec   +            o - +2 cloak
rCorr   .            (no gloves)
SInv    +            (no boots)
Will    .....        g - amulet of regeneration
Stlth   ++           v - ring of Wuaphik {*Slow +Blink rElec Str+3 SInv}
HPRegen 1.09/turn    (no ring)
MPRegen 0.14/turn

%: slow self (1%)
@: about to teleport, slowed, very slow
A: no striking features
a: Evoke Blink


You were on level 5 of the Dungeon.
You visited 1 branch of the dungeon, and saw 5 of its levels.

You collected 240 gold pieces.

Inventory:

Hand Weapons
 e - a +0 club
 h - a +0 dagger
Armour
 a - a +0 robe (worn)
 o - a +2 cloak (worn)
Magical Staves
 j - a staff of conjuration (weapon)
 u - a staff of air
Jewellery
 g - an amulet of regeneration (around neck)
 v - the ring of Wuaphik (left hand) {*Slow +Blink rElec Str+3 SInv}
   (You found it on level 4 of the Dungeon)

   [ring of see invisible]

   Str:       It affects your strength (+3).
   rElec:     It insulates you from electricity.
   SInv:      It lets you see invisible.
   +Blink:    It lets you blink.
   *Slow:     It may slow you when you take damage.
Wands
 r - a wand of polymorph (4)
 s - a wand of mindburst (6)
Scrolls
 c - a scroll of fear {unknown}
 f - a scroll of teleportation
 k - a scroll of revelation {unknown}
 n - 5 scrolls of identify {unknown}
 q - a scroll of vulnerability {unknown}
 t - a scroll of blinking {unknown}
 y - a scroll of enchant weapon {unknown}
 z - a scroll of poison {unknown}
Potions
 b - 2 potions of magic
 d - a potion of curing {unknown}
 i - 3 potions of enlightenment {unknown}
 l - a potion of mutation {unknown}
 m - 3 potions of heal wounds {unknown}
 p - a potion of attraction {unknown}
 w - a potion of degeneration {unknown}
 x - a potion of lignification {unknown}


   Skills:
 - Level 2.0 Dodging
 - Level 1.5 Stealth
 * Level 4.9 Spellcasting
 * Level 7.3 Summonings


You had 10 spell levels left.
You knew the following spells:

 Your Spells              Type           Power      Damage    Failure   Level
a - Summon Small Mammal   Summ           100%       N/A       1%          1
b - Call Imp              Summ           58%        N/A       1%          2
c - Call Canine Familiar  Summ           29%        N/A       2%          3

Your spell library contained the following spells:

 Spells                   Type           Power      Damage    Failure   Level
 Summon Guardian Golem    Hex/Summ       16%        N/A       10%         3
 Necrotise                Necr           16%        1d4       14%         1
 Scorch                   Fire           8%         2d5       22%         2
 Summon Lightning Spire   Summ/Air       16%        N/A       32%         4
 Dazzling Flash           Conj/Hex       12%        N/A       41%         3
 Ozocubu's Armour         Ice            4%         N/A       41%         3
 Vampiric Draining        Necr           4%         2d6       41%         3
 Volatile Blastmotes      Fire/Tloc      8%         2d10      41%         3
 Summon Cactus Giant      Summ           14%        N/A       73%         6
 Flame Wave               Conj/Fire      6%         2d5       82%         4
 Iskenderun's Mystic Bla  Conj/Tloc      6%         2d4       82%         4
 Agony                    Necr           4%         N/A       99%         5
 Metabolic Englaciation   Hex/Ice        2%         N/A       99%         5
 Simulacrum               Ice/Necr       2%         N/A       100%        6
 Starburst                Conj/Fire      3%         6d3       100%        6


Dungeon Overview and Level Annotations

Branches:
Dungeon (5/15)
 Temple: D:4-7

Altars:
Elyvilon
Nemelex Xobeh
Okawaru
Qazlal
The Shining One


Message History

You hit the black bear but do no damage.
The black bear is almost dead.
The black bear closely misses you. x2; The black bear claws you.
Your cerulean imp hits the black bear with a -2 spear.
The black bear bites you.
The black bear claws you but does no damage.
The black bear barely misses you.
Your cerulean imp hits the black bear but does no damage.
The black bear bites your cerulean imp. The black bear claws your cerulean imp!
Your cerulean imp dies!
Your cerulean imp disappears in a puff of smoke!
The black bear growls angrily.
You hit the black bear but do no damage.
The black bear is almost dead.
The black bear bites you. The black bear barely misses you.
The black bear claws you.
* * * LOW HITPOINT WARNING * * *
The black bear bites you.
* * * LOW HITPOINT WARNING * * *
The black bear claws you but does no damage. x2
The black bear barely misses you.
The black bear claws you but does no damage. x2
The black bear rages.
The black bear bites you.
* * * LOW HITPOINT WARNING * * *
The black bear closely misses you. The black bear claws you.
* * * LOW HITPOINT WARNING * * *
The black bear barely misses you. The black bear closely misses you.
The black bear claws you.
* * * LOW HITPOINT WARNING * * *
As you read the scroll labelled PIDUEHOFAU, it crumbles to dust.
You feel strangely unstable.
It was a scroll of teleportation.
The black bear barely misses you. The black bear claws you.
* * * LOW HITPOINT WARNING * * *
The black bear barely misses you.
The black bear bites you but does no damage.
The black bear claws you.
* * * LOW HITPOINT WARNING * * *
The black bear claws you.
You die...

##.# .... ##.# #..## ##.#
##...# ##.# #....#
##.##########.#..######
#.........h...........
....$.####.#.###### .####
#.#.# #.# #.#@# #.# #.#h#
#.# #.#.### #.#
#....<######. #.#
##....>...... #.#
######....#####.
####.######..............#
..........#.#####...#####.
.###.........).....##


You could see a black bear (berserk).

Vanquished Creatures
  A sky beast (D:4)
  A black bear (D:4)
  2 hounds
  An adder (D:3)
  A dart slug (D:1)
  2 orcs (D:3)
  2 giant cockroaches (D:1)
  2 hobgoblins
  2 ball pythons
  2 bats
  3 goblins
  2 kobolds
  2 rats
23 creatures vanquished.

Vanquished Creatures (collateral kills)
  An ice beast (D:5)
  A black bear (D:4)
  A scorpion (D:4)
  A howler monkey (D:4)
  5 hounds
  An orc priest (D:5)
  An iguana (D:4)
  Natasha (D:4)
  4 adders (D:4)
  An ufetubus (D:5)
  2 dart slugs (D:4)
  6 orcs
  12 ball pythons
  4 endoplasms
  2 giant cockroaches
  3 goblins
  6 hobgoblins
  2 kobolds
  3 quokkas (D:4)
  2 rats (D:1)
59 creatures vanquished.

Grand Total: 82 creatures vanquished

Notes
Turn   | Place    | Note
-------+----------+-------------------------------------------
     0 | D:1      | rabbitsville the Hill Orc Summoner began the quest for the
                  | Orb.
     0 | D:1      | Reached XP level 1. HP: 14/14 MP: 3/3
   247 | D:1      | Found a faded altar of an unknown god.
   260 | D:1      | Reached XP level 2. HP: 16/20 MP: 0/4
   437 | D:1      | Learned a level 2 spell: Call Imp
   627 | D:1      | Reached XP level 3. HP: 26/26 MP: 4/6
  1117 | D:2      | Learned a level 3 spell: Call Canine Familiar
  2379 | D:3      | Found a sparkling altar of Nemelex Xobeh.
  2453 | D:3      | Found a glowing golden altar of the Shining One.
  2456 | D:3      | Found a white marble altar of Elyvilon.
  3228 | D:4      | Reached XP level 4. HP: 31/33 MP: 3/7
  3282 | D:4      | Noticed a black bear
  3405 | D:4      | Found a stormy altar of Qazlal.
  3479 | D:4      | Killed a black bear
  3480 | D:4      | Reached skill level 5 in Summonings
  3480 | D:4      | Reached XP level 5. HP: 36/38 MP: 1/9
  3505 | D:4      | Noticed Natasha
  3508 | D:4      | Killed Natasha
  3513 | D:4      | Reached XP level 6. HP: 45/45 MP: 5/10
  3520 | D:4      | Identified the ring of Wuaphik {*Slow +Blink rElec Str+3
                  | SInv}
  3694 | D:4      | Reached skill level 6 in Summonings
  3721 | D:4      | Reached XP level 7. HP: 41/50 MP: 7/13
  3946 | D:4      | Found an iron altar of Okawaru.
  4239 | D:5      | Entered Level 5 of the Dungeon
  4361 | D:5      | Reached skill level 7 in Summonings
  4484 | D:5      | Reached XP level 8. HP: 57/57 MP: 15/15
  4564 | D:5      | Slain by a black bear

Illustrated notes

Levels and vault maps discovered:
D:1:      dpeg_arrival_castle, layout_basic,
          chequers_ecumenical_altar_simple_redux, minmay_misc_feat_square,
          roderic_three_in_a_row
D:2:      layout_loops_corners, kennysheep_path_1
D:3:      layout_basic, lemuel_doored_altar, nicolae_overflow_squiral,
          kennysheep_flooded_box, grunt_ministairs_12
D:4:      minmay_octagon_keep, layout_basic, overflow_temple_1_default,
          okawaru_gym_becter, minmay_pentangle, uniq_natasha
D:5:      layout_loops_ring, mainiacjoe_overflow_alcove_2

Skill      XL: |  1  2  3  4  5  6  7 |
---------------+----------------------+-----
Spellcasting   | 2 3 4 |  4.9
Dodging        | 2 |  2.0
Summonings     | 5 6 7 |  7.3
Stealth        | |  1.5

Action                     |  1- 3 |  4- 6 |  7- 9 || total
---------------------------+-------+-------+-------++-------
  Melee: Club              |    21 |       |       ||    21
         Unarmed           |     1 |       |       ||     1
         Dagger            |    16 |       |       ||    16
         Staff             |    47 |    54 |    39 ||   140
         Punch             |       |       |     2 ||     2
   Cast: Summon Small Mamm |    18 |     5 |     4 ||    27
         Call Imp          |    16 |     8 |    11 ||    35
         Call Canine Famil |       |     4 |     9 ||    13
    Use: Scroll            |       |       |     1 ||     1
   Stab: Sleeping          |     1 |       |       ||     1
 Armour: Robe              |    32 |    25 |    29 ||    86
  Dodge: Dodged            |    57 |    55 |    65 ||   177

Table legend: (Time is in decaauts)
 A = Elapsed time spent in this place.
 B = Non-inter-level travel time spent in this place.
 C = Inter-level travel time spent in this place.
 D = Time resting spent in this place.
 E = Time spent auto-exploring this place.
 F = Levels seen in this place.
 G = Mean time per level.
                   A        B        C        D        E       F      G
               +--------+--------+--------+--------+--------+-----+--------+
         Total |   4602 |   4425 |    177 |      0 |   3241 |   5 |  920.4 |
       Dungeon |   4602 |   4425 |    177 |      0 |   3241 |   5 |  920.4 |
               +--------+--------+--------+--------+--------+-----+--------+

Top non-repeatable levels by time:
     D:3: 1247 daAuts
     D:1: 1103 daAuts
     D:4: 990 daAuts
     D:2: 930 daAuts
     D:5: 331 daAuts
